cohdb
Replays
Latest Replays
All Replays
Popular Replays
Top Player Replays
Match Explorer
How It Works
Community
CoH3 Stats
Reddit
Sign in to upload your games and track your stats! →
Sign in with Steam
Match 42432385
Unlisted
Match 42432385
Overview
Messages
Build Orders
End
Panzergrenadier Squad
Selects Battlefield Espionage Battlegroup
Selects Sector Subterfuge Beacon
250 Light Carrier
Panzergrenadier Squad
Construct Light Support Kompanie
Selects 250/3 Funkpanzerwagen
Selects Transfer Depots
MG34 Team
2.5-tonne Medical Truck
Panzerjäger Squad
Fire Support Elements
SanLupus
AvdN
OG Ninja
qZeto
BIOHAZARD
Gorgolo
0
0
Comments
sign in to comment!
No comments posted yet!